cohdb
Replays
Latest Replays
All Replays
Popular Replays
Top Player Replays
Match Explorer
How It Works
Community
CoH3 Stats
Reddit
Sign in to upload your games and track your stats! →
Sign in with Steam
Match 41976578
Unlisted
Match 41976578
Overview
Messages
Build Orders
End
Kradschützen Motorcycle Team
Panzergrenadier Squad
Panzerpioneer Squad
250 Light Carrier
Construct Light Support Kompanie
Assault Grenadier Squad
Fire Support Elements
Flakvierling Half-track
Assault Mechanized Group
Construct Mechanized Kompanie
Marder III Tank Destroyer
Selects Italian Combined Arms Battlegroup
Selects Semovente da 75/18 Assault Gun
Selects Carro Armato M13/40 Light Tank
Vehicle Survival Package
Selects Pact of Steel
Marder III Tank Destroyer
Marder III Tank Destroyer
Selects Bersaglieri Squad
Selects Vehicle Support - Secure Location
Selects Vehicle Support - Force Recon
StuG III D Assault Gun
Rapid Advance
2.5-tonne Medical Truck
Jopjahh
Manfred Von Blubberhofen
Skullclown
Waeterparkiet
Ranbs
7 DIVISAO PHANTOM
N0.1<x-
clevans32885
0
0
Comments
sign in to comment!
No comments posted yet!